Map: Prion Terraces

Players

superhero

  • Race: Terran Terran
  • League: Platinum

Strade

  • Race: Terran Terran
  • League: Platinum

Lynx

  • Race: Protoss Protoss
  • League: Diamond

Mjk

  • Race: Protoss Protoss
  • League: Diamond

VOD

Have the link to the VOD?

Description

Time

  • Played on: Feb. 20, 2016, 7:18 p.m.
  • Length: 15:16
Show
View Real Time Build Order
Export as new Build Order

superhero Terran 

Build Orders: Liberator Opening 

Get SALT Encoding   

  12  0:01  SCV  
  13  0:13  SCV  
  14  0:17  Supply Depot  
  14  0:25  SCV  
  15  0:39  SCV  
  15  0:40  Barracks  
  16  0:44  Refinery  
  16  0:51  SCV  
  16  0:55  Refinery  
  17  1:03  SCV  
  18  1:15  SCV  
  19  1:28  Reaper  
  19  1:30  Orbital Command  
  20  1:48  Factory  
  20  1:53  Supply Depot  
  20  1:58  SCV  
  20  2:01  Barracks Reactor  
  21  2:10  SCV  
  22  2:27  SCV  
  23  2:32  Factory Tech Lab  
  23  2:33  Starport  
  23  2:37  Marine x2  
  23  2:39  SCV  
  25  2:52  Liberator  
  25  2:54  Siege Tank  
  25  2:55  SCV, Marine x2  
  31  3:00  Supply Depot  
  31  3:21  Marine x2  
  33  3:27  SCV  
  33  3:32  Siege Tank  
  37  3:39  SCV, Marine x2  
  40  3:51  SCV  
  41  3:57  Medivac, Marine  
  41  3:58  Engineering Bay  
  41  4:00  Marine  
  45  4:03  SCV  
  45  4:30  Siege Tank  
  47  4:33  Missile Turret  
  47  4:35  SCV  
  47  4:37  Supply Depot  
  47  4:57  Missile Turret  
  47  4:59  Marine x2, Viking  
  51  5:04  Siege Tank  
  52  5:09  Command Center  
  52  5:13  Bunker  
  52  5:16  Marine x2  
  54  5:28  Missile Turret  
  53  5:43  Marine x2  
  53  5:48  Supply Depot  
  54  5:50  SCV, Supply Depot  
  54  5:52  Bunker  
  55  6:09  SCV, Siege Tank  
  56  6:13  Supply Depot  
  56  6:16  Barracks  
  56  6:17  Barracks  
  56  6:19  Terran Infantry Weapons Level 1  
  56  6:21  SCV  
  57  6:26  Missile Turret  
  57  6:43  Siege Tank  
  60  6:54  Marine  
  60  6:55  Marine  
  60  6:56  Bunker  
  61  7:02  Orbital Command  
  51  7:30  Siege Tank  
  51  7:32  Barracks Reactor, Barracks Tech Lab  
  51  7:34  Marine x2  
  51  7:35  Starport Reactor  
  51  7:36  SCV  
  51  7:37  SCV  
  49  7:43  Refinery  
  48  7:44  Refinery  
  48  7:48  SCV  
  48  7:49  SCV  
  50  7:51  Marine  
  50  7:56  Supply Depot, Marine  
  52  8:00  Stimpack, Marine  
  48  8:07  Barracks x2  
  48  8:09  Marine  
  42  8:13  Siege Tank  
  42  8:14  Marine  
  42  8:15  Marine x2  
  42  8:18  Marauder  
  42  8:19  Terran Infantry Armor Level 1  
  50  8:21  Bunker  
  50  8:26  SCV x2  
  52  8:27  Marine  
  52  8:29  Medivac  
  55  8:38  SCV  
  55  8:39  Marine x4  
  60  8:45  SCV, Marine, Siege Tank  
  65  8:54  SCV  
  66  8:56  Medivac  
  66  8:57  Marine, Barracks Tech Lab  
  66  8:58  Marine  
  66  8:59  Barracks Reactor, Marine  
  71  9:03  Marauder, Marine  
  71  9:05  Medivac  
  76  9:10  SCV  
  76  9:11  SCV  
  76  9:14  Marine  
  76  9:15  Armory  
  76  9:16  Marine x2  
  73  9:27  Reaper, Marine  
  73  9:28  Marauder  
  73  9:31  Liberator  
  77  9:33  Marine  
  77  9:35  Siege Tank  
  77  9:36  SCV  
  77  9:37  Bunker  
  82  9:40  Missile Turret  
  82  9:42  Marine x2  
  82  9:43  Marine  
  85  9:52  Marine  
  89  9:55  Marauder  
  91  10:00  SCV x2  
  93  10:12  SCV  
  93  10:13  Marine  
  93  10:14  Marine x5  
  100  10:27  Marine  
  100  10:29  Marauder  
  102  10:39  Bunker  
  102  10:45  Marine x3  
  102  10:46  Marauder  
  102  10:47  Marine x3  
  102  10:49  SCV  
  101  10:55  Marauder  
  103  10:57  Combat Shields  
  103  11:02  Marine  
  104  11:07  Marine x2  
  104  11:08  Reaper, Medivac  
  109  11:24  Marine  
  110  11:39  Reaper, Marine x4  
  108  11:40  Marauder  
  98  11:48  Marine x2  
  93  11:57  Reaper x2, Marauder, Marine  
  100  12:01  Marauder  
  100  12:06  Reaper, Marine  
  102  12:13  Marine  
  102  12:15  Marine, Siege Tank  
  104  12:19  Marauder  
  99  12:22  Marauder  
  88  12:35  Marine x2  
  88  12:36  Marine x2  
  89  12:38  Marine  
  89  12:40  Marauder  
  94  12:44  Marauder  
  94  12:48  Marine  
  95  13:02  Marauder  
  97  13:16  Reaper, Marine x2  
  97  13:17  Marauder  
  102  13:23  Medivac x2  
  105  13:37  Orbital Command  
  104  13:57  Bunker  
  104  13:58  Bunker  
  88  14:25  SCV  
  88  14:26  SCV  
  88  14:27  Marine x2  
  88  14:28  Marine x5  
  88  14:29  Marauder, Medivac  
  99  14:37  SCV  
  100  14:44  Siege Tank  
  103  14:46  Marauder  
  103  14:50  Marauder  
Show
View Real Time Build Order
Export as new Build Order

Strade Terran 

Build Orders:  

Get SALT Encoding   

  12  0:02  Probe (Chrono Boost)  
  13  0:12  Probe (Chrono Boost)  
  14  0:18  Pylon  
  14  0:23  Probe (Chrono Boost)  
  15  0:36  Probe (Chrono Boost)  
  15  0:37  Gateway  
  15  0:42  Assimilator  
  16  0:46  Probe (Chrono Boost)  
  18  0:57  Probe (Chrono Boost)  
  18  1:07  Probe (Chrono Boost)  
  19  1:19  Nexus  
  19  1:29  Cybernetics Core  
  19  1:32  Probe (Chrono Boost)  
  20  1:40  Assimilator  
  20  1:43  Probe (Chrono Boost)  
  21  1:48  Pylon  
  21  1:53  Probe (Chrono Boost)  
  22  2:04  Adept  
  26  2:09  Mothership Core (Chrono Boost)  
  26  2:12  Warp Gate  
  26  2:23  Gateway  
  26  2:29  Probe (Chrono Boost)  
  27  2:33  Sentry, Probe (Chrono Boost)  
  30  2:41  Probe (Chrono Boost)  
  31  2:44  Probe (Chrono Boost)  
  31  2:53  Probe (Chrono Boost)  
  31  2:54  Probe (Chrono Boost)  
  33  3:05  Probe x2 (Chrono Boost), Robotics Facility  
  35  3:08  Adept  
  37  3:13  Adept  
  37  3:17  Probe (Chrono Boost)  
  38  3:31  Pylon x2  
  38  3:33  Stalker  
  38  3:34  Probe (Chrono Boost)  
  40  3:35  Probe (Chrono Boost)  
  40  3:40  Stalker  
  44  3:44  Probe (Chrono Boost)  
  44  3:47  Probe (Chrono Boost)  
  46  3:51  Immortal  
  46  3:55  Probe (Chrono Boost)  
  47  3:59  Probe (Chrono Boost)  
  52  4:05  Probe (Chrono Boost)  
  53  4:11  Twilight Council  
  53  4:23  Probe (Chrono Boost)  
  55  4:24  Probe (Chrono Boost)  
  55  4:25  Assimilator  
  55  4:26  Assimilator  
  55  4:33  Gateway x2  
  55  4:36  Gateway  
  55  4:38  Immortal  
  55  4:42  Probe (Chrono Boost)  
  55  4:43  Blink, Probe (Chrono Boost)  
  57  4:53  Probe (Chrono Boost)  
  57  4:57  Pylon  
  57  5:02  Adept x2  
  57  5:05  Probe (Chrono Boost)  
  62  5:24  Pylon  
  62  5:25  Pylon  
  62  5:27  Warp Prism  
  62  5:35  Pylon  
  62  5:38  Pylon, Probe x2 (Chrono Boost)  
  56  5:45  Stalker x2  
  59  5:50  Probe (Chrono Boost)  
  59  5:57  Stalker x3  
  61  5:58  Immortal  
  63  6:11  Robotics Bay  
  63  6:12  Sentry x2  
  63  6:14  Gateway  
  63  6:17  Gateway  
  59  6:20  Pylon  
  59  6:25  Stalker x3  
  61  6:36  Stalker x2  
  61  6:39  Pylon  
  65  6:40  Immortal  
  71  6:47  Mothership Core (Chrono Boost)  
  71  6:51  Adept x2  
  67  7:03  Stalker x3  
  63  7:21  Adept x4  
  65  7:27  Probe (Chrono Boost)  
  65  7:29  Probe (Chrono Boost)  
  64  7:36  Stalker x3  
  64  7:42  Pylon, Probe (Chrono Boost)  
  64  7:44  Pylon  
  63  7:46  Probe (Chrono Boost)  
  63  7:49  Disruptor  
  67  7:51  Stalker x2  
  67  7:54  Probe (Chrono Boost)  
  70  8:10  Probe (Chrono Boost)  
  71  8:19  Adept  
  73  8:20  Nexus, Adept x2  
  73  8:21  Pylon  
  73  8:26  Disruptor  
  80  8:31  Probe (Chrono Boost)  
  80  8:32  Probe (Chrono Boost)  
  82  8:38  Pylon  
  82  8:42  Stalker  
  82  8:43  Stalker x2  
  82  8:47  Adept  
  90  8:56  Gateway  
  90  8:58  Probe (Chrono Boost)  
  90  8:59  Probe (Chrono Boost)  
  92  9:04  Disruptor  
  93  9:19  Probe (Chrono Boost)  
  94  9:38  Assimilator  
  94  9:42  Templar Archives  
  94  9:44  Nexus, Assimilator  
  94  9:45  Pylon  
  94  9:47  Sentry x2  
  94  9:48  Sentry x3  
  104  10:00  Disruptor  
  104  10:06  Pylon  
  107  10:08  Pylon  
  107  10:16  Probe (Chrono Boost)  
  108  10:31  Pylon  
  108  10:33  Stalker x4  
  116  10:48  Stalker x2  
  118  10:52  Disruptor  
  121  11:01  Probe (Chrono Boost)  
  121  11:02  Probe (Chrono Boost)  
  123  11:04  Assimilator  
  123  11:06  Assimilator  
  123  11:15  High Templar x2  
  123  11:16  High Templar  
  123  11:17  Zealot x2  
  123  11:18  Zealot  
  135  11:29  High Templar  
  137  11:47  Stalker x2  
  137  11:48  Stalker x3  
  147  12:01  Adept  
  149  12:02  Disruptor, Probe (Chrono Boost)  
  149  12:04  Probe (Chrono Boost)  
  150  12:14  Stalker x4  
  150  12:15  Stalker  
  134  12:34  Stalker x2  
  137  12:37  Probe (Chrono Boost)  
  137  12:40  Disruptor  
  137  12:43  Gateway  
  140  12:44  Gateway  
  140  12:49  Gateway  
  140  12:50  Gateway  
  140  12:51  Stalker x4  
  142  12:53  Gateway  
  148  13:00  Adept x3  
  154  13:21  Nexus  
  154  13:34  Pylon  
  154  13:36  High Templar x5  
  164  13:52  Nexus  
  164  13:53  Pylon  
  164  13:57  Forge  
  164  13:58  Forge  
  164  14:00  Zealot x2  
  164  14:02  High Templar  
  170  14:04  High Templar x2  
  170  14:08  Archon  
  167  14:13  Zealot x2  
  165  14:26  Archon x2  
  165  14:27  Archon x2  
  165  14:31  Pylon  
  165  14:34  Warp Prism  
  165  14:44  Robotics Bay  
  167  14:47  Templar Archives  
  167  14:53  Adept  
  167  14:54  Adept x4  
  175  15:13  Stalker x2  
  169  15:14  Stalker x2  
  169  15:15  Stalker  
Show
View Real Time Build Order
Export as new Build Order

Lynx Protoss 

Build Orders:  

Get SALT Encoding   

Show
View Real Time Build Order
Export as new Build Order

Mjk Protoss 

Build Orders:  

Get SALT Encoding   

Tags
 
Add a new tag
Caveats
  • Supply blocks, unpowered buildings, or Contaminate may cause inaccurate times.
  • Supply counts are checked every 10 seconds.